 Dungeon Crawl Stone Soup version 0.25.1-8-g42b30a86e7 (webtiles) character file.

Game seed: 9299805894990599286

384 Azimut41r the Charlatan (level 6, -14/47 HPs)
             Began as a Gnoll Artificer on Dec 13, 2020.
             Was a Believer of Cheibriados.
             Killed themself with a badly aimed fireball (15 damage)
             ... on level 4 of the Dungeon.
             The game lasted 00:21:26 (3621 turns).

Azimut41r the Charlatan (Gnoll Artificer)           Turns: 3621, Time: 00:21:26

Health: -14/47     AC:  3    Str: 18    XL:     6   Next: 77%
Magic:  11/11      EV: 19    Int: 18    God:    Cheibriados [**....]
Gold:   136        SH:  0    Dex: 21    Spells: 7/9 levels left

rFire    . . .     SeeInvis .   G - +1 dagger (vamp)
rCold    + . .     Gourm    .   (no shield)
rNeg     . . .     Faith    .   b - +0 leather armour
rPois    .         Spirit   .   (no helmet)
rElec    .         Reflect  .   (no cloak)
rCorr    .         Harm     .   (no gloves)
MR       .....                  (no boots)
Stlth    +++.......             (no amulet)
HPRegen  0.15/turn              w - +4 ring of evasion
MPRegen  0.12/turn              J - ring of protection from cold

@: very slow
A: distributed training, fangs 1, strong nose
a: Bend Time, Renounce Religion


You were on level 4 of the Dungeon.
You worshipped Cheibriados.
Cheibriados was pleased with you.
You were not hungry.

You visited 1 branch of the dungeon, and saw 4 of its levels.

You collected 136 gold pieces.

Inventory:

Hand Weapons
 a - a +0 short sword
 r - a +0 long sword
 D - a +0 trident
 G - a +1 vampiric dagger (weapon)
 K - a -1 whip
Missiles
 y - 23 arrows
Armour
 b - a +0 leather armour (worn)
 C - a +0 animal skin
Jewellery
 j - a cursed amulet of inaccuracy
 w - a +4 ring of evasion (left hand)
 J - a ring of protection from cold (right hand)
Wands
 c - a wand of flame (6)
 d - a wand of enslavement (18)
 e - a wand of random effects (6)
Scrolls
 g - a scroll of noise
 k - a scroll of immolation
 l - a scroll of fog {unknown}
 o - 3 scrolls of teleportation
 p - a scroll of magic mapping {unknown}
 q - a scroll of enchant armour {unknown}
 s - a scroll of enchant weapon {unknown}
 v - a scroll of random uselessness {unknown}
 A - a scroll of amnesia {unknown}
Potions
 h - 3 potions of ambrosia
 i - a potion of degeneration {unknown}
 m - a potion of lignification {unknown}
 t - a potion of experience {unknown}
 u - 2 potions of mutation {unknown}
 x - a potion of berserk rage {unknown}
 z - a potion of might {unknown}
 E - 2 potions of curing {unknown}
 H - a potion of heal wounds {unknown}
 I - a potion of stabbing {unknown}
Comestibles
 f - 6 rations
 n - 9 chunks of flesh


   Skills:
 + Level 3.3 Fighting
 + Level 3.3 Short Blades
 + Level 2.0 Long Blades
 + Level 2.0 Axes
 + Level 2.0 Maces & Flails
 + Level 2.0 Polearms
 + Level 2.0 Staves
 + Level 2.0 Slings
 + Level 2.0 Bows
 + Level 2.0 Crossbows
 + Level 2.0 Throwing
 + Level 2.0 Armour
 + Level 5.0 Dodging
 + Level 3.1 Stealth
 + Level 2.0 Shields
 + Level 2.0 Unarmed Combat
 + Level 2.0 Spellcasting
 + Level 1.6 Conjurations
 + Level 1.6 Hexes
 + Level 1.6 Charms
 + Level 1.6 Summonings
 + Level 1.6 Necromancy
 + Level 1.6 Translocations
 + Level 1.6 Transmutations
 + Level 1.6 Fire Magic
 + Level 1.6 Ice Magic
 + Level 1.6 Air Magic
 + Level 1.6 Earth Magic
 + Level 1.6 Poison Magic
 + Level 2.2 Invocations
 + Level 6.8 Evocations


You had 7 spell levels left.
You knew the following spells:

 Your Spells              Type           Power        Failure   Level  Hunger
a - Ensorcelled Hibernat  Hex/Ice        #.....       17%         2    ###....

Your spell library contained the following spells:

 Spells                   Type           Power        Failure   Level  Hunger


Dungeon Overview and Level Annotations

Branches:
Dungeon (4/15)
 Temple: D:4-7

Altars:
Ashenzari
Cheibriados
Makhleb
Qazlal
Sif Muna
Yredelemnul


Innate Abilities, Weirdness & Mutations

Your experience applies equally to all skills.
You have very sharp teeth.
Your uncanny sense of smell can sniff out nearby items.


Message History

Things that are here:
a hound skeleton; an adder skeleton The orc priest is no longer charmed.
The orc priest misses you.
The orc priest calls down the wrath of Beogh upon you.
Beogh smites you!
* * * LOW HITPOINT WARNING * * *
Evoke which item? (* to show all) (? for menu, Esc to quit)
Aiming: Throw Flame
Press: ? - help, Shift-Dir - straight line, f/p - orc priest
Aim: an orc priest, wielding a +0 club and wearing a +0 chain mail (moderately wounded)
Okay, then.
Evoke which item? (* to show all) (? for menu, Esc to quit)
Really evoke
e - a wand of random effects (6)?
This could place you under penance!
Aiming: Random Effects
Press: ? - help, Shift-Dir - straight line, f/p - orc priest
Aim: an orc priest, wielding a +0 club and wearing a +0 chain mail (moderately wounded)
The fireball explodes!
The fireball engulfs the orc priest.
The orc priest is moderately wounded.
The fireball engulfs you!
You die...

#.# #.#.#.#.#.#.#..
#.#####..#.#.#.#.#.#.
#....##<#.#.#.#.#.#.)
####.###.#)#.#.#.#.#.
#.# ##.#.#.#.#.#..
#.# #.#÷#.#.#.#.## ∆
#.# ##.#.#.#.#.#.#
#.# #.#.#.#.#.#.##
#@# ## .#.#.#.#.# #o#
.#.#.#.## #.# #.#.#.
#.# #.#. #÷# ## #.#
#.# #.# ##)#


You could see an orc priest.

Vanquished Creatures
  Duvessa (D:4)
  Dowan (D:4)
  An orc priest (D:4)
  Jessica (D:3)
  Ijyb (D:3)
  Robin (D:3)
  6 adders
  An ooze (D:1)
  An adder skeleton (D:4)
  2 dart slugs
  4 leopard geckos
  2 orcs
  A giant cockroach (D:3)
  10 goblins
  5 hobgoblins
  3 jackals (D:3)
  2 quokkas (D:3)
  2 ball pythons
  6 bats
  4 frilled lizards
  2 kobolds
  4 rats
61 creatures vanquished.

Vanquished Creatures (collateral kills)
  A hound (D:4)
1 creature vanquished.

Vanquished Creatures (others)
  An adder (D:4)
  An orc (D:4)
2 creatures vanquished.

Grand Total: 64 creatures vanquished

Notes
Turn   | Place    | Note
-------+----------+-------------------------------------------
     0 | D:1      | Azimut41r the Gnoll Artificer began the quest for the Orb.
     0 | D:1      | Reached XP level 1. HP: 17/17 MP: 4/4
   383 | D:1      | Reached XP level 2. HP: 23/23 MP: 6/6
   757 | D:2      | Reached XP level 3. HP: 16/28 MP: 7/7
   787 | D:2      | HP: 1/28 [leopard gecko (1)]
  1153 | D:2      | Reached skill level 1 in Invocations
  1274 | D:2      | Found a snail-covered altar of Cheibriados.
  1276 | D:2      | Found a stormy altar of Qazlal.
  1279 | D:2      | Found a basalt altar of Yredelemnul.
  1281 | D:2      | Found a burning altar of Makhleb.
  1282 | D:2      | Found a shimmering blue altar of Sif Muna.
  1286 | D:2      | Became a worshipper of Cheibriados the Contemplative
  1635 | D:2      | Reached skill level 1 in Long Blades
  1635 | D:2      | Reached skill level 1 in Axes
  1635 | D:2      | Reached skill level 1 in Maces & Flails
  1635 | D:2      | Reached skill level 1 in Polearms
  1635 | D:2      | Reached skill level 1 in Staves
  1635 | D:2      | Reached skill level 1 in Slings
  1635 | D:2      | Reached skill level 1 in Bows
  1635 | D:2      | Reached skill level 1 in Crossbows
  1635 | D:2      | Reached skill level 1 in Throwing
  1635 | D:2      | Reached skill level 1 in Armour
  1635 | D:2      | Reached skill level 1 in Shields
  1635 | D:2      | Reached skill level 1 in Unarmed Combat
  1635 | D:2      | Reached skill level 1 in Spellcasting
  1635 | D:2      | Reached XP level 4. HP: 21/34 MP: 8/8
  2476 | D:3      | Reached * piety under Cheibriados
  2606 | D:3      | Noticed Robin
  2613 | D:3      | Reached skill level 1 in Conjurations
  2613 | D:3      | Reached skill level 1 in Hexes
  2613 | D:3      | Reached skill level 1 in Charms
  2613 | D:3      | Reached skill level 1 in Summonings
  2613 | D:3      | Reached skill level 1 in Necromancy
  2613 | D:3      | Reached skill level 1 in Translocations
  2613 | D:3      | Reached skill level 1 in Transmutations
  2613 | D:3      | Reached skill level 1 in Fire Magic
  2613 | D:3      | Reached skill level 1 in Ice Magic
  2613 | D:3      | Reached skill level 1 in Air Magic
  2613 | D:3      | Reached skill level 1 in Earth Magic
  2613 | D:3      | Reached skill level 1 in Poison Magic
  2633 | D:3      | Killed Robin
  2701 | D:3      | Noticed Jessica
  2703 | D:3      | Killed Jessica
  2703 | D:3      | Reached XP level 5. HP: 23/40 MP: 8/10
  2923 | D:3      | Noticed Ijyb
  2925 | D:3      | Killed Ijyb
  3115 | D:3      | Identified Jessica's Handbook of Beguiling
  3120 | D:3      | Learned a level 2 spell: Ensorcelled Hibernation
  3171 | D:3      | Reached ** piety under Cheibriados
  3181 | D:3      | Found a shattered altar of Ashenzari.
  3458 | D:4      | Noticed Duvessa
  3458 | D:4      | Noticed Dowan
  3461 | D:4      | Killed Dowan
  3461 | D:4      | Reached XP level 6. HP: 47/47 MP: 11/11
  3462 | D:4      | Killed Duvessa
  3462 | D:4      | Reached skill level 5 in Dodging
  3571 | D:4      | Was placed under penance by Cheibriados
  3598 | D:4      | Was forgiven by Cheibriados
  3620 | D:4      | HP: 1/47 [orc priest/divine providence (15)]
  3621 | D:4      | Killed themself with a badly aimed fireball

Illustrated notes

Levels and vault maps discovered:
D:1:      doesnt_arrival_eight_statues, layout_loops_cross
D:2:      layout_basic, grunt_temple_overflow_open
D:3:      layout_loops_ring, ashenzari_altar_1, first_ration,
          kennysheep_jessica_study, uniq_robin, uniq_ijyb
D:4:      layout_loops_ring, minmay_temple_entry_junction_2,
          chequers_mini_garden, minivault_23, corexii_checkpoint_a, uniq_duvessa

Skill      XL: |  1  2  3  4  5  6 |
---------------+-------------------+-----
Invocations    | 1 2 |  2.2
Long Blades    | 1 2 |  2.0
Axes           | 1 2 |  2.0
Maces & Flails | 1 2 |  2.0
Polearms       | 1 2 |  2.0
Staves         | 1 2 |  2.0
Slings         | 1 2 |  2.0
Bows           | 1 2 |  2.0
Crossbows      | 1 2 |  2.0
Throwing       | 1 2 |  2.0
Armour         | 1 2 |  2.0
Shields        | 1 2 |  2.0
Unarmed Combat | 1 2 |  2.0
Spellcasting   | 1 2 |  2.0
Conjurations   | 1 |  1.6
Hexes          | 1 |  1.6
Charms         | 1 |  1.6
Summonings     | 1 |  1.6
Necromancy     | 1 |  1.6
Translocations | 1 |  1.6
Transmutations | 1 |  1.6
Fire Magic     | 1 |  1.6
Ice Magic      | 1 |  1.6
Air Magic      | 1 |  1.6
Earth Magic    | 1 |  1.6
Poison Magic   | 1 |  1.6
Fighting       | 3 |  3.3
Short Blades   | 3 |  3.3
Dodging        | 5 |  5.0
Stealth        | 3 |  3.1
Evocations     | |  6.8

Action                   |  1- 3 |  4- 6 || total
-------------------------+-------+-------++-------
Melee: Short sword       |    70 |    65 ||   135
       Bite              |     9 |    19 ||    28
       Punch             |       |     2 ||     2
       Dagger            |       |    36 ||    36
Throw: Dart              |    11 |    46 ||    57
Evoke: Wand              |     2 |    20 ||    22
  Use: Scroll            |       |     7 ||     7
       Potion            |       |     1 ||     1
 Stab: Sleeping          |     4 |       ||     4
       Distracted        |     1 |       ||     1
  Eat: Chunk             |     1 |     2 ||     3
       Ration            |       |     1 ||     1
Armor: Leather armour    |    14 |    16 ||    30
Dodge: Dodged            |    68 |   101 ||   169
